 Dungeon Crawl Stone Soup version 0.20-a0-454-g2b43fbb (webtiles) character file.

385 HarleyQuinn the Twirler (level 6, -1/44 HPs)
             Began as a Demonspawn Gladiator on Jan 9, 2017.
             Slain by a gnoll
             ... wielding a +0 flail
              (6 damage)
             ... on level 4 of the Dungeon.
             The game lasted 00:04:36 (3452 turns).

HarleyQuinn the Twirler (Demonspawn Gladiator)      Turns: 3452, Time: 00:04:36

Health: -1/44      AC:  7    Str: 14    XL:     6   Next: 48%
Magic:  6/6        EV: 12    Int: 11    God:
Gold:   145        SH:  6    Dex: 15    Spells: 5/5 levels left

rFire  . . .     SeeInvis .     a - +0 quarterstaff
rCold  . . .     Gourm    .     b - +0 leather armour
rNeg   . . .     Faith    .     (shield currently unavailable)
rPois  .         Spirit   .     (helmet restricted)
rElec  .         Reflect  +     (no cloak)
rCorr  .         Harm     .     (no gloves)
MR     +....                    e - +0 pair of boots
Stlth  +.........               q - +6 amulet of reflection
                                (no ring)
                                m - ring of protection from magic (curse)

@: lethally poisoned (-1 -> -4), very slightly contaminated, invisible
A: horns 1, slimy green scales 2, demonic guardian 1, powered by pain 1
a: no special abilities


You were on level 4 of the Dungeon.
You were not hungry.

You visited 2 branches of the dungeon, and saw 5 of its levels.

You collected 145 gold pieces.

Inventory:

Hand Weapons
 a - a +0 quarterstaff (weapon)
Missiles
 d - 3 throwing nets (quivered)
Armour
 b - a +0 leather armour (worn)
 c - a +0 helmet
 e - a +0 pair of boots (worn)
Jewellery
 l - an uncursed ring of ice
 m - a cursed ring of protection from magic (left hand)
 q - a +6 amulet of reflection (around neck)
Scrolls
 h - 3 scrolls of identify {unknown}
 j - 2 scrolls of enchant weapon {unknown}
 k - 3 scrolls of immolation {unknown}
 r - 2 scrolls of teleportation {unknown}
 u - 2 scrolls of fog {unknown}
 v - 2 scrolls of amnesia {unknown}
Potions
 i - a potion of flight {unknown}
 n - 2 potions of curing
 o - a potion of brilliance {unknown}
 p - a potion of cancellation {unknown}
Comestibles
 f - 3 bread rations
 g - a slice of pizza
 s - a meat ration
 t - 2 chunks of flesh


   Skills:
 - Level 2.0 Fighting
 + Level 6.7 Staves
 - Level 1.7 Throwing
 - Level 2.6 Dodging


You had 5 spell levels left.
You didn't know any spells.

Dungeon Overview and Level Annotations

Branches:
Dungeon (4/15)             Temple (1/1) D:4

Altars:
Ashenzari
Cheibriados
Dithmenos
Fedhas
Gozag
Hepliaklqana
Makhleb
Nemelex Xobeh
Okawaru
Qazlal
Ru
Sif Muna
Trog
Uskayaw
Vehumet
Yredelemnul
Zin
The Shining One


Innate Abilities, Weirdness & Mutations

You have a pair of small horns on your head.
You are mostly covered in slimy green scales. (AC +3)
A weak demonic guardian rushes to your aid.
You sometimes gain a little power by taking damage.


Message History

You hear the quick rusting of a distant drain.
You feel sick. You block the gnoll's attack.
You sock the gnoll!
You kill the gnoll!
You hit the gnoll.
The gnoll is moderately wounded.
You feel sick.
You hit the gnoll.
The gnoll is heavily wounded.
The gnoll closely misses you. The gnoll barely misses you.
You barely miss the gnoll.
The gnoll is heavily wounded.
You block the gnoll's attack.
You hit the gnoll.
The gnoll is severely wounded.
You feel sick. The gnoll barely misses you.
You hit the gnoll.
The gnoll is almost dead.
The gnoll hits you with a flail.
You die...

................
.................
...................
...................
#.................
#.............)...
#.................
##.............>...
#@g...(............ ####
#g####.............
.....##.##...###.........
........#..### ##........
..........## #........
............# #........
.....#...............<...
.....#######.......###.#<
#### ######<. ..


You could see 2 gnolls.

Vanquished Creatures
  A phantom (D:4)
  An ogre (D:4)
  An orc wizard (D:4)
  2 worker ants (D:4)
  A gnoll (D:4)
  4 adders
  An adder skeleton (D:4)
  5 dart slugs
  4 leopard geckos
  15 orcs
  2 ball pythons
  A giant cockroach (D:2)
  6 goblins
  6 hobgoblins
  A quokka (D:4)
  5 bats
  4 frilled lizards
  9 kobolds
  10 rats
79 creatures vanquished.

Notes
Turn   | Place    | Note
-------+----------+-------------------------------------------
     0 | D:1      | HarleyQuinn the Demonspawn Gladiator began the quest for the Orb.
     0 | D:1      | Reached XP level 1. HP: 16/16 MP: 1/1
    55 | D:1      | Reached skill level 3 in Staves
   436 | D:1      | Gained mutation: You sometimes gain a little power by taking damage. [demonic ancestry]
   436 | D:1      | Reached XP level 2. HP: 17/22 MP: 2/2
  1131 | D:2      | Gained mutation: You are partially covered in slimy green scales. (AC +2) [demonic ancestry]
  1131 | D:2      | Reached XP level 3. HP: 27/27 MP: 3/3
  1431 | D:2      | Found a shadowy altar of Dithmenos.
  1529 | D:2      | Reached skill level 4 in Staves
  2034 | D:3      | Gained mutation: A weak demonic guardian rushes to your aid. [demonic ancestry]
  2034 | D:3      | Reached XP level 4. HP: 33/33 MP: 4/4
  2546 | D:3      | Reached skill level 5 in Staves
  3040 | D:4      | Noticed a phantom
  3057 | D:4      | Killed a phantom
  3057 | D:4      | Gained mutation: You have a pair of small horns on your head. [demonic ancestry]
  3057 | D:4      | Reached XP level 5. HP: 28/38 MP: 5/5
  3076 | D:4      | Noticed an ogre
  3084 | D:4      | Killed an ogre
  3084 | D:4      | Reached skill level 6 in Staves
  3084 | D:4      | Gained mutation: You are mostly covered in slimy green scales. (AC +3) [demonic ancestry]
  3084 | D:4      | Reached XP level 6. HP: 36/44 MP: 6/6
  3373 | D:4      | Found a staircase to the Ecumenical Temple.
  3398 | Temple   | Entered the Ecumenical Temple
  3452 | D:4      | Slain by a gnoll

Vault maps used:
D:1:      roderic_crossed_star, hangedman_feature_mirror
D:2:      nicolae_dithmenos_shadow_blocks
D:3:      first_bread
D:4:      portal_sewer_entry_a
Temple:   nicolae_temple_no_exploring_needed

Skill      XL: |  1  2  3  4  5 |
---------------+----------------+-----
Staves         | 3 4 5 6 |  6.7
Fighting       | |  2.0
Throwing       | |  1.7
Dodging        | |  2.6

Action                   |  1- 3 |  4- 6 || total
-------------------------+-------+-------++-------
Melee: Quarterstaff      |   127 |   162 ||   289
       Headbutt          |       |    12 ||    12
  Use: Potion            |     1 |     2 ||     3
 Stab: Sleeping          |     1 |       ||     1
       Distracted        |       |     2 ||     2
  Eat: Chunk             |     4 |     4 ||     8
Armor: Leather armour    |    45 |    40 ||    85
Dodge: Dodged            |    79 |    72 ||   151
Block: Other             |     6 |    55 ||    61
       Reflection        |       |     2 ||     2
